 Dungeon Crawl Stone Soup version 0.16-a0-4020-g6ff35b5 (webtiles) character file.

1312 dysrexia the Cleaver (level 8, -2/62 HPs)
             Began as a Hill Orc Gladiator on Feb 18, 2015.
             Was a Follower of Qazlal.
             Killed by divine providence
             ... invoked by an orc priest
              (17 damage)
             ... on level 6 of the Dungeon.
             The game lasted 00:19:20 (4418 turns).

dysrexia the Cleaver (Hill Orc Gladiator)           Turns: 4418, Time: 00:19:20

Health: -2/62      AC: 15    Str: 20    XL:     8   Next: 58%
Magic:  8/8        EV:  6    Int:  8    God:    Qazlal [*.....]
Gold:   305        SH:  2    Dex: 11    Spells: 0 memorised, 7 levels left

rFire  . . .     SeeInvis .     a - +0 war axe
rCold  . . .     Clarity  .     j - +0 plate armour
rNeg   . . .     SustAb   .     (no shield)
rPois  .         Gourm    .     c - +0 helmet
rElec  .         Spirit   .     l - +0 cloak
rCorr  .         Warding  .     k - +1 pair of gloves
rMut   .         Stasis   .     h - +0 pair of boots
MR     .....                    e - amulet of rage
Stlth  ..........               (no ring)
                                (no ring)

@: not resistant to hostile enchantments, extremely unstealthy
A: no striking features
a: Renounce Religion, Convert to Beogh, Evoke Berserk Rage


You were on level 6 of the Dungeon.
You worshipped Qazlal.
Qazlal was aware of your devotion.
You were not hungry.

You visited 2 branches of the dungeon, and saw 7 of its levels.

You collected 305 gold pieces.

Inventory:

Hand weapons
 a - a +0 war axe (weapon)
 b - a +3 hand axe
 u - a +0 blowgun
Missiles
 d - 3 throwing nets (quivered)
 n - 34 stones
 y - 17 poisoned needles
Armour
 c - a +0 helmet (worn)
 h - a +0 pair of boots (worn)
 j - a +0 plate armour (worn)
 k - a +1 pair of gloves (worn)
 l - a +0 cloak (worn)
Jewellery
 e - an amulet of rage (around neck)
 J - an uncursed ring of protection from cold {unknown}
Magical devices
 x - a wand of polymorph (0)
 K - a wand of polymorph (13)
Scrolls
 m - a scroll of identify
 o - 3 scrolls of recharging
 p - a scroll of teleportation
 q - a scroll of immolation
 A - a scroll of amnesia
 B - a scroll of noise
 D - a scroll of fog
 F - a scroll of enchant weapon {unknown}
 M - a scroll of summoning {unknown}
Potions
 i - 2 potions of flight
 r - 2 potions of curing
 C - a potion of brilliance {unknown}
 E - a potion of agility {unknown}
 G - a potion of ambrosia {unknown}
 H - 2 potions of poison {unknown}
 I - a potion of lignification {unknown}
 L - a potion of cure mutation {unknown}
Comestibles
 f - 3 meat rations
 g - a fruit
 s - 3 bread rations
 t - a royal jelly
 v - 2 beef jerkies
 w - a slice of pizza
 z - 3 chunks of flesh


   Skills:
 - Level 2.4 Fighting
 + Level 13.2 Axes
 - Level 2.0 Throwing
 - Level 2.4 Dodging


You had 7 spell levels left.
You didn't know any spells.

Dungeon Overview and Level Annotations

Branches:
Dungeon (6/15)             Temple (1/1) D:4

Altars:
Ashenzari
Dithmenos
Elyvilon
Fedhas
Gozag
Kikubaaqudgha
Makhleb
Nemelex Xobeh
Okawaru
Qazlal
Sif Muna
Trog
Vehumet
Xom
Yredelemnul
Zin
The Shining One

Shops:
D:5 }


Message History

You slash the orc warrior!
The orc warrior is moderately wounded.
The orc warrior hits you with a scimitar of slicing!
You closely miss the orc warrior.
The orc warrior is moderately wounded.
The orc priest shouts, "Beogh is our master!
Accept the truth or die!"
The orc priest calls upon Beogh to heal the orc warrior.
The orc warrior is healed somewhat.
Your plate armour prevents you from hitting the orc warrior.
The orc warrior is lightly wounded.
The orc warrior hits you with a scimitar of slicing!
* * * LOW HITPOINT WARNING * * *
x2 Drink which item? (? for menu, Esc to quit)
Okay, then.
Read which item? (? for menu, Esc to quit)
Okay, then.
The orc priest shouts, "Join the one true god or die!"
The orc priest invokes the aid of Beogh against you.
Something smites you!
You die...

.......#†......#......o#####
.........#####.#.##.##o#
....%..#.# ###.#.#..##.#
..§....#.......#.o..##.#
.#>....#..###....o§....#
.#####.#...#.....#.##..#
.......#.........§.....#
######.#.........o.##.##
#.#........@####.#
##.#..............#
##.#........#.######
##.###....####.#
##.####.###.###.# #.## #†##
#.##.# ##.###.# #....#
#...#..## ##.####
#.......###.##


You could see an orc warrior, an orc priest and an orc wizard.

Vanquished Creatures
  Pikel (D:4)
  Eustachio (D:4)
  An ice beast (D:6)
  3 slaves (D:4)
  A scorpion (D:6)
  2 crimson imps
  A giant frog zombie (D:5)
  A hound (D:6)
  A giant frog skeleton (D:6)
  An iguana (D:5)
  5 worker ants
  2 orc wizards (D:3)
  A killer bee zombie (D:6)
  A hound zombie (D:6)
  A hound skeleton (D:4)
  2 river rats (D:4)
  9 adders
  A giant mite (D:6)
  A white imp (D:4)
  A worm (D:3)
  An adder skeleton (D:6)
  4 giant geckos
  An ooze (D:1)
  19 orcs
  A bat zombie (D:5)
  4 giant cockroaches
  7 goblins
  7 hobgoblins
  13 jackals
  5 quokkas
  2 ball pythons (D:3)
  14 bats
  5 giant newts
  A jackal skeleton (D:6)
  11 kobolds
  2 quokka skeletons (D:4)
  14 rats
148 creatures vanquished.

Notes
Turn   | Place    | Note
--------------------------------------------------------------
     0 | D:1      | dysrexia, the Hill Orc Gladiator, began the quest for the Orb.
     0 | D:1      | Reached XP level 1. HP: 18/18 MP: 1/1
    82 | D:1      | Reached XP level 2. HP: 19/25 MP: 2/2
   191 | D:1      | Reached skill level 5 in Axes
   342 | D:1      | Reached XP level 3. HP: 30/30 MP: 3/3
  1026 | D:2      | Reached skill level 6 in Axes
  1359 | D:2      | Reached XP level 4. HP: 37/37 MP: 4/4
  1730 | D:3      | Reached skill level 7 in Axes
  1789 | D:3      | Reached XP level 5. HP: 7/42 MP: 5/5
  2328 | D:3      | Reached skill level 8 in Axes
  2560 | D:4      | Found a staircase to the Ecumenical Temple.
  2573 | Temple   | Entered the Ecumenical Temple
  2602 | Temple   | Became a worshipper of Qazlal Stormbringer
  2708 | D:4      | Noticed Eustachio
  2757 | D:4      | Killed Eustachio
  2757 | D:4      | Reached skill level 9 in Axes
  2757 | D:4      | Reached XP level 6. HP: 7/50 MP: 6/6
  3051 | D:4      | Found a shadowy altar of Dithmenos.
  3309 | D:4      | Acquired Qazlal's first power
  3325 | D:4      | Noticed Pikel
  3325 | D:4      | Noticed a slave
  3325 | D:4      | Noticed a slave
  3325 | D:4      | Noticed a slave
  3326 | D:4      | Noticed a slave
  3350 | D:4      | Killed a slave
  3357 | D:4      | Killed a slave
  3366 | D:4      | Killed a slave
  3376 | D:4      | Killed Pikel
  3376 | D:4      | Reached skill level 11 in Axes
  3376 | D:4      | Reached XP level 7. HP: 56/56 MP: 7/7
  3376 | D:4      | Reached XP level 8. HP: 62/62 MP: 8/8
  3425 | D:4      | Reached skill level 12 in Axes
  3526 | D:5      | Entered Level 5 of the Dungeon
  3763 | D:5      | Found Cuofir's Quality Used Wands.
  3966 | D:6      | Found a stormy altar of Qazlal.
  4156 | D:6      | Found a glowing silver altar of Zin.
  4253 | D:6      | Reached skill level 13 in Axes
  4418 | D:6      | Killed from afar by an orc priest

Action                   |  1- 3 |  4- 6 |  7- 9 || total
-------------------------+-------+-------+-------++-------
Melee: War axe           |   132 |   244 |   138 ||   514
       Unarmed           |       |     9 |       ||     9
  Use: Scroll            |       |     9 |     4 ||    13
       Potion            |       |     1 |       ||     1
  Eat: Chunk             |     2 |     6 |     5 ||    13
